 Dungeon Crawl Stone Soup version 0.23-a0-169-gb21e69520c (webtiles) character file.

42135 PikkenKukken the Slicer (level 14, -8/77 HPs)
             Began as a Vine Stalker Fighter on Sept 12, 2018.
             Was the Champion of Uskayaw.
             Mangled by a death yak (14 damage)
             ... on level 6 of the Lair of Beasts.
             The game lasted 00:27:08 (14190 turns).

PikkenKukken the Slicer (Vine Stalker Fighter)     Turns: 14190, Time: 00:27:08

Health: -8/77      AC: 16    Str: 23    XL:     14   Next: 18%
Magic:  0/20       EV: 10    Int:  8    God:    Uskayaw [******]
Gold:   513        SH: 13    Dex: 16    Spells: 13/13 levels left

rFire    + + .     SeeInvis +   C - +6 quick blade of Ireuthreu {freeze, rN+ Str+2 Dex-5}
rCold    + . .     Gourm    .   c - +1 shield
rNeg     + + .     Faith    .   D - +2 chain mail {rC+}
rPois    +         Spirit   +   a - +0 helmet {SInv}
rElec    .         Reflect  .   (no cloak)
rCorr    .         Harm     .   (no gloves)
MR       +....                  x - +0 pair of boots
Stlth    ..........             (no amulet)
HPRegen  1.02/turn              r - ring "Faiseoso" {rN+ Dex+2 Stlth+}
MPRegen  0.17/turn              A - ring of Anole {rPois rF++ Str+2}

@: about to teleport, slowed, very slow
A: fangs 3, regeneration 2, magic shield, antimagic bite, no potion heal 3, rot
immunity
a: Stomp, Line Pass, Grand Finale, Renounce Religion


You were on level 6 of the Lair of Beasts.
You worshipped Uskayaw.
Uskayaw was noncommittal.
You were not hungry.

You visited 3 branches of the dungeon, and saw 17 of its levels.

You collected 1146 gold pieces.
You spent 633 gold pieces at shops.

Inventory:

Hand Weapons
 C - the +6 quick blade of Ireuthreu (weapon) {freeze, rN+ Str+2 Dex-5}
   (You acquired it on level 10 of the Dungeon)

   It has been specially enchanted to freeze those struck by it, causing extra
   injury to most foes and up to half again as much damage against particularly
   susceptible opponents.
   It can also slow down cold-blooded creatures.
   It affects your strength (+2).
   It affects your dexterity (-5).
   It protects you from negative energy.
Armour
 a - a +0 helmet of see invisible (worn)
 c - a +1 shield (worn)
 x - a +0 pair of boots (worn)
 D - a +2 chain mail of cold resistance (worn)
Jewellery
 r - the ring "Faiseoso" (left hand) {rN+ Dex+2 Stlth+}
   (You took it off an orc on level 5 of the Dungeon)

   [ring of positive energy]

   It affects your dexterity (+2).
   It protects you from negative energy.
   It makes you more stealthy.
 A - the ring of Anole (right hand) {rPois rF++ Str+2}
   (You bought it in a shop on level 6 of the Dungeon)

   [ring of poison resistance]

   It affects your strength (+2).
   It greatly protects you from fire.
   It protects you from poison.
 H - a +2 ring of dexterity
 K - an uncursed ring of fire {unknown}
Wands
 h - a wand of enslavement (15)
 p - a wand of paralysis (21)
 q - a wand of polymorph (19)
 t - a wand of acid (7)
 v - a wand of iceblast (11)
 F - a wand of flame (38)
Scrolls
 i - 6 scrolls of teleportation
 j - 4 scrolls of immolation
 n - 4 scrolls of enchant armour
 o - 4 scrolls of enchant weapon
 w - 8 scrolls of remove curse
 y - 2 scrolls of fear
 I - a scroll of identify
 J - a scroll of fog
Potions
 b - 3 potions of agility
 d - a potion of might
 e - 8 potions of curing
 g - 2 potions of flight
 k - a potion of ambrosia
 l - 2 potions of haste
 m - 2 potions of magic
 s - 2 potions of lignification
 u - 4 potions of brilliance
 z - 3 potions of berserk rage
 E - a potion of invisibility
 G - a potion of cancellation
Comestibles
 f - 27 rations
 B - 22 chunks of flesh


   Skills:
 + Level 10.1 Fighting
 + Level 12.3 Short Blades
 + Level 9.3 Armour
 + Level 4.8 Dodging
 + Level 10.1 Shields
 + Level 6.9 Invocations


You had 13 spell levels left.
You didn't know any spells.
Your spell library contained the following spells:

 Spells                   Type           Power        Failure   Level  Hunger
 Freeze                   Ice            #...         99%         1    ##.....
 Throw Frost              Conj/Ice       #.....       100%        2    ###....
 Ozocubu's Armour         Chrm/Ice       #.......     100%        3    ####...
 Leda's Liquefaction      Hex/Erth       #.........   100%        4    #####..
 Summon Ice Beast         Ice/Summ       #.......     100%        4    #####..
 Throw Icicle             Conj/Ice       #.......     100%        4    #####..
 Bolt of Magma            Conj/Fire/Erth #.........   100%        5    ######.
 Iron Shot                Conj/Erth      #.........   100%        6    #######
 Statue Form              Tmut/Erth      #........    100%        6    #######
 Shatter                  Erth           #.........   100%        9    #######


Dungeon Overview and Level Annotations

Branches:
Dungeon (10/15)            Temple (1/1) D:7            Lair (6/6) D:9
  Swamp (0/4) Lair:2       Spider (0/4) Lair:4        Slime (0/5) Lair:6
    Orc: D:9-12

Altars:
Ashenzari
Cheibriados
Elyvilon
Fedhas
Hepliaklqana
Kikubaaqudgha
Makhleb
Nemelex Xobeh
Okawaru
Qazlal
Ru
Sif Muna
Trog
Uskayaw
Vehumet
Wu Jian
Xom
Yredelemnul
Zin
The Shining One

Shops:
D:6 =   D:8 %

Annotations:
Lair:5 1 runed door, P0WERM0DE's ghost, adept DDFi


Innate Abilities, Weirdness & Mutations

You have razor-sharp teeth.
You heal very quickly.
When hurt, damage is shared between your health and your magic reserves.
Your bite disrupts and absorbs the magic of your enemies.
Potions cannot restore your health.
You are immune to rotting.


Message History

You block the death yak's attack.
You hit the death yak. You freeze the death yak.
You bite the death yak, but do no damage.
The death yak is lightly wounded.
A torpor snail comes into view.
Being near the torpor snail leaves you feeling lethargic.
You hit the death yak but do no damage.
The death yak is lightly wounded.
The death yak gores you! The death yak barely misses you.
You barely miss the death yak.
The death yak is lightly wounded.
As you read the scroll of teleportation, it crumbles to dust.
You feel strangely unstable. The death yak gores you!!
* * * LOW HITPOINT WARNING * * *
The death yak gores you!
* * * LOW HITPOINT WARNING * * *
You block the death yak's attack. The death yak gores you!
* * * LOW HITPOINT WARNING * * *
You block the death yak's attack. The death yak gores you!!
You die...

#........≈≈≈P≈...
.......!.≈≈≈≈≈...
.........≈Pw#≈..?
P........≈≈≈≈≈...
.........≈≈≈≈≈...
......:†?.Y...Y..
##......YYY....#
#...#.Y#Y##.... .).P.PP
##..###Y@Y# .# .....PP
#P.P##...## #....PP
#..P#≈≈..## #####....P≈
##§.≈§§§..#####..#.....P≈
#§.§§§§.........(.....P≈
§.≈§≈≈§.....P.......#.P≈
§.#§≈≈..PPPP.##.#.....P≈
#§.§≈≈..########..#...P≈
..≈.≈...P #####..PP


You could see 6 death yaks, a torpor snail and 2 yaks.

Vanquished Creatures
  Kirke (Lair:5)
  Gastronok (Lair:1)
  A hydra (Lair:5)
  A catoblepas (Lair:2)
  4 death yaks
  3 two-headed ogres
  An unseen horror (D:10)
  A lindwurm (Lair:3)
  An orb spider (Lair:4)
  3 oklob plants (Lair:1)
  2 black mambas
  8 spiny frogs
  3 rime drakes
  A komodo dragon (Lair:6)
  A troll (D:9)
  2 polar bears (Lair:4)
  Grinder (D:5)
  20 blink frogs
  9 hippogriffs
  14 dream sheep
  4 wyverns
  Grum (D:10)
  38 yaks
  A human (D:7)
  3 steam dragons
  7 hogs
  2 hungry ghosts
  3 vampire mosquitoes (Lair:2)
  14 water moccasins
  2 orc warriors
  18 porcupines
  A sky beast (D:9)
  2 black bears
  2 ice beasts
  14 wolves
  3 ogres
  A phantom (D:5)
  4 centaurs
  9 crocodiles
  14 bullfrogs
  A wyvern zombie (D:9)
  A wyvern skeleton (D:6)
  9 scorpions
  8 wights
  3 electric eels
  3 howler monkeys
  4 crimson imps
  4 jellies
  6 orc priests
  8 hounds
  9 orc wizards
  Ijyb (D:4)
  14 worker ants
  4 hell rats (Lair:5)
  4 killer bee zombies
  2 hound skeletons
  3 gnolls (D:6)
  6 adders
  A shadow imp (D:10)
  5 oozes
  3 adder zombies
  2 worms
  5 dart slugs
  3 leopard geckos
  45 orcs
  5 bats
  8 giant cockroaches
  9 goblins
  15 hobgoblins
  18 jackals
  3 quokkas
  2 ball pythons
  7 frilled lizards
  4 kobolds
  A leopard gecko skeleton (D:5)
  A leopard gecko zombie (D:5)
  8 rats
456 creatures vanquished.

Vanquished Creatures (others)
  A jackal (D:8)
  A bush (D:8)
  9 fungi
  9 plants
20 creatures vanquished.

Grand Total: 476 creatures vanquished

Notes
Turn   | Place    | Note
-------+----------+-------------------------------------------
     0 | D:1      | PikkenKukken the Vine Stalker Fighter began the quest for
                  | the Orb.
     0 | D:1      | Reached XP level 1. HP: 11/11 MP: 2/2
    66 | D:1      | Reached skill level 2 in Short Blades
    72 | D:1      | Reached XP level 2. HP: 16/16 MP: 3/3
   354 | D:1      | Reached XP level 3. HP: 18/19 MP: 4/4
   971 | D:2      | Gained mutation: Your natural rate of healing is unusually
                  | fast. [Vine Stalker growth]
   971 | D:2      | Reached XP level 4. HP: 24/24 MP: 5/5
  1579 | D:3      | Reached skill level 3 in Short Blades
  1658 | D:3      | Reached XP level 5. HP: 28/28 MP: 4/6
  1695 | D:3      | Found a glowing silver altar of Zin.
  1835 | D:3      | Noticed an ogre
  1844 | D:3      | Killed an ogre
  1844 | D:3      | Reached XP level 6. HP: 23/32 MP: 7/7
  1917 | D:3      | Found a sacrificial altar of Ru.
  1923 | D:3      | Found a sparkling altar of Nemelex Xobeh.
  2021 | D:3      | Found an iron altar of Okawaru.
  2239 | D:4      | Reached skill level 4 in Short Blades
  2282 | D:4      | Found an ornate altar of the Wu Jian Council.
  2308 | D:4      | Found a snail-covered altar of Cheibriados.
  2455 | D:4      | Noticed Ijyb
  2483 | D:4      | Killed Ijyb
  2617 | D:4      | Reached XP level 7. HP: 37/37 MP: 8/8
  2808 | D:4      | Found a deep blue altar of Sif Muna.
  2808 | D:4      | Found a white marble altar of Elyvilon.
  2809 | D:4      | Found a shimmering altar of Xom.
  3119 | D:5      | Entered Level 5 of the Dungeon
  3127 | D:5      | Noticed a hungry ghost
  3163 | D:5      | Killed a hungry ghost
  3229 | D:5      | Reached skill level 5 in Short Blades
  3235 | D:5      | Gained mutation: You have razor-sharp teeth. [Vine Stalker
                  | growth]
  3235 | D:5      | Reached XP level 8. HP: 34/42 MP: 7/9
  3454 | D:5      | Noticed Grinder
  3465 | D:5      | Paralysed by Grinder for 6 turns
  3472 | D:5      | Killed Grinder
  3472 | D:5      | Reached skill level 6 in Short Blades
  3472 | D:5      | Reached skill level 5 in Shields
  3482 | D:5      | Reached skill level 5 in Fighting
  3613 | D:5      | Got a crude marble ring
  3621 | D:5      | Identified the ring "Faiseoso" {rN+ Dex+2 Stlth+} (You took
                  | it off an orc on level 5 of the Dungeon)
  3859 | D:6      | Reached XP level 9. HP: 47/47 MP: 10/10
  3916 | D:6      | Found Itor's Jewellery Shoppe.
  4146 | D:6      | Found a stormy altar of Qazlal.
  4455 | D:7      | Found a staircase to the Ecumenical Temple.
  4464 | Temple   | Entered the Ecumenical Temple
  4512 | Temple   | Became a worshipper of Uskayaw the Reveler
  4580 | D:7      | Reached * piety under Uskayaw
  4595 | D:7      | Reached ** piety under Uskayaw
  4711 | D:7      | Reached skill level 7 in Short Blades
  4711 | D:7      | Reached skill level 5 in Armour
  4885 | D:7      | Reached *** piety under Uskayaw
  4891 | D:7      | Reached **** piety under Uskayaw
  5194 | D:7      | Reached ***** piety under Uskayaw
  5352 | D:8      | Found a blossoming altar of Fedhas.
  5377 | D:8      | Found a glowing golden altar of the Shining One.
  5380 | D:8      | Found a basalt altar of Yredelemnul.
  5463 | D:8      | Reached skill level 8 in Short Blades
  5774 | D:8      | Reached XP level 10. HP: 45/53 MP: 9/11
  5918 | D:8      | Found Lainkil's Food Shoppe.
  6468 | D:9      | Found a staircase to the Lair.
  6554 | D:9      | Reached skill level 9 in Short Blades
  6606 | D:9      | Noticed a two-headed ogre
  6614 | D:9      | Killed a two-headed ogre
  6988 | D:6      | Bought the ring of Anole {rPois rF++ Str+2} for 633 gold
                  | pieces
  7573 | D:10     | Entered Level 10 of the Dungeon
  7634 | D:10     | Noticed a two-headed ogre
  7669 | D:10     | Killed a two-headed ogre
  7669 | D:10     | Reached XP level 11. HP: 29/58 MP: 12/12
  7887 | D:10     | Killed an unseen horror
  7887 | D:10     | Reached skill level 10 in Short Blades
  8082 | D:10     | Noticed a two-headed ogre
  8092 | D:10     | Killed a two-headed ogre
  8295 | D:10     | Identified a scroll of acquirement
  8298 | D:10     | Got an iridescent quick blade
  8299 | D:10     | Identified the +6 quick blade of Ireuthreu {freeze, rN+
                  | Str+2 Dex-5} (You acquired it on level 10 of the Dungeon)
  8647 | D:10     | Noticed Grum
  8662 | D:10     | Killed Grum
  8775 | Lair:1   | Entered Level 1 of the Lair of Beasts
  8965 | Lair:1   | Noticed an oklob plant
  8965 | Lair:1   | Noticed an oklob plant
  8965 | Lair:1   | Noticed an oklob plant
  8990 | Lair:1   | Reached skill level 1 in Invocations
  9060 | Lair:1   | Killed an oklob plant
  9083 | Lair:1   | Noticed Gastronok
  9182 | Lair:1   | Killed Gastronok
  9430 | Lair:1   | Killed an oklob plant
  9434 | Lair:1   | Killed an oklob plant
  9434 | Lair:1   | Gained mutation: You heal very quickly. [Vine Stalker
                  | growth]
  9434 | Lair:1   | Reached XP level 12. HP: 24/65 MP: 9/14
  9542 | Lair:1   | Reached skill level 11 in Short Blades
  9951 | Lair:2   | Noticed a catoblepas
  9963 | Lair:2   | Killed a catoblepas
 10397 | Lair:2   | Found a staircase to the Swamp.
 10407 | Lair:2   | Reached skill level 1 in Dodging
 10709 | Lair:3   | Reached ****** piety under Uskayaw
 12049 | Lair:4   | Reached XP level 13. HP: 70/70 MP: 17/17
 12085 | Lair:4   | Reached skill level 5 in Invocations
 12603 | Lair:4   | Found a hole to the Spider Nest.
 13018 | Lair:5   | Reached skill level 12 in Short Blades
 13336 | Lair:5   | Noticed Kirke
 13357 | Lair:5   | Killed Kirke
 13565 | Lair:5   | Found a runed door.
 13568 | Lair:5   | Noticed P0WERM0DE's ghost (adept DDFi)
 13617 | Lair:5   | Reached skill level 10 in Shields
 13623 | Lair:5   | Reached XP level 14. HP: 66/76 MP: 15/19
 13818 | Lair:6   | Entered Level 6 of the Lair of Beasts
 13841 | Lair:6   | Reached skill level 10 in Fighting
 13898 | Lair:6   | Found a staircase to the Slime Pits.
 14029 | Lair:6   | Found a stormy altar of Qazlal.
 14190 | Lair:6   | Mangled by a death yak

Vault maps used:
D:1:      matt_arrival_refuge
D:3:      lemuel_coloured_pillars_altar, lemuel_doored_altar,
          grunt_temple_overflow_open, grunt_ministairs_10,
          nicolae_underground_beach
D:4:      kennysheep_mini, lemuel_round_altar, gammafunk_temple_overflow_claw,
          first_ration, kennysheep_potato, uniq_ijyb
D:5:      zaba_anthole, hangedman_decor_points, uniq_grinder
D:6:      kennysheep_mini_moat, serial_shops, nicolae_shop_crystal
D:7:      minmay_temple_entry_poolview, grunt_livestock
D:8:      grunt_temple_overflow_holy_war, fedhas_bush_and_centaur_altar,
          serial_shops, shop_coins, serial_bayou, serial_bayou_pond_a,
          serial_bayou_shore_a, serial_bayou_pond_a, serial_bayou_pond_b
D:9:      erik_lair_island
D:10:     uniq_grum
Temple:   jpeg_temple_island
Lair:1:   minivault_27, minmay_lair_oklob_chamber, infiniplex_staircase_pool_2,
          uniq_gastronok
Lair:2:   minmay_swamp_entry_swarm, grunt_forest_small_clearings
Lair:3:   grunt_megastairs_2, infiniplex_staircase_pool
Lair:4:   nicolae_spider_entry_orb_guardian, beast_lair_carwin_6
Lair:5:   ebering_ghost_funeral_grove, grunt_megastairs_1, uniq_kirke
Lair:6:   evilmike_catoblepas_cave, nicolae_slime_entry_slimehenge, basic_altar,
          minivault_23

Skill      XL: |  1  2  3  4  5  6  7  8  9 10 11 12 13 14 |
---------------+-------------------------------------------+-----
Short Blades   | 2 3 4 5 6 8 9 10 11 12 | 12.3
Shields        | 3 4 5 6 7 8 9 10 | 10.1
Fighting       | 3 4 5 6 7 8 9 10 | 10.1
Armour         | 3 4 5 6 7 8 9 |  9.3
Invocations    | 2 4 6 |  6.9
Dodging        | 2 4 |  4.8

Action                   |  1- 3 |  4- 6 |  7- 9 | 10-12 | 13-15 || total
-------------------------+-------+-------+-------+-------+-------++-------
Melee: Rapier            |   101 |   185 |   403 |   332 |       ||  1021
       Bite              |    24 |    55 |   153 |   266 |   192 ||   690
       Quick blade       |       |       |       |   331 |   449 ||   780
Evoke: Wand              |       |       |       |    23 |       ||    23
  Use: Scroll            |     6 |     2 |     9 |     9 |     3 ||    29
 Stab: Paralysed         |       |       |     2 |    32 |    24 ||    58
  Eat: Chunk             |       |     6 |    14 |    15 |     5 ||    40
       Ration            |       |       |       |     2 |       ||     2
Armor: Chain mail        |    53 |    74 |    97 |   183 |    52 ||   459
       Skin              |       |     4 |    12 |       |       ||    16
Dodge: Dodged            |    15 |    34 |    53 |    78 |    43 ||   223
Block: Shield            |    37 |    94 |   179 |   257 |    97 ||   664

Table legend:
 A = Non-vault XP
 B = Vault XP
 C = Vault XP percentage of total XP
 D = Non-vault monster count
 E = Vault monster count
 F = Vault count percentage of total count
                 A         B        C        D         E       F
            +---------+---------+-------+---------+---------+-------
      Total |   46690 |   13503 |  22.4 |     396 |      60 |  13.2
            +---------+---------+-------+---------+---------+-------
        D:1 |      81 |       0 |   0.0 |      39 |       0 |   0.0
        D:2 |      27 |       2 |   6.9 |      12 |       1 |   7.7
        D:3 |     236 |       0 |   0.0 |      25 |       0 |   0.0
        D:4 |     299 |      70 |  19.0 |      23 |       2 |   8.0
        D:5 |     909 |     445 |  32.9 |      29 |       6 |  17.1
        D:6 |     578 |       0 |   0.0 |      17 |       0 |   0.0
        D:7 |     472 |     968 |  67.2 |      15 |       5 |  25.0
        D:8 |     905 |      34 |   3.6 |      23 |       2 |   8.0
        D:9 |    3075 |     840 |  21.5 |      35 |       8 |  18.6
       D:10 |    4333 |     438 |   9.2 |      25 |       3 |  10.7
     Lair:1 |    2236 |    4088 |  64.6 |      12 |       7 |  36.8
     Lair:2 |    3283 |     528 |  13.9 |      13 |       3 |  18.8
     Lair:3 |    6563 |     626 |   8.7 |      31 |       3 |   8.8
     Lair:4 |    8079 |    2058 |  20.3 |      31 |       8 |  20.5
     Lair:5 |    9802 |    3303 |  25.2 |      41 |       7 |  14.6
     Lair:6 |    5812 |     103 |   1.7 |      25 |       5 |  16.7
            +---------+---------+-------+---------+---------+-------
